2467 views
Uploaded 2024-11-09 04:18:55
Game version 1.36 (6115)
44:41 long 3on3 ladder game on (6)Monsoon_LV
Saved by GIGA
2467 views
Uploaded 2024-11-09 04:18:55
Game version 1.36 (6115)
44:41 long 3on3 ladder game on (6)Monsoon_LV


277 units @ 31.8k
/ 4.1k
191 buildings @ 28.1k
/ 14.5k



| Sacrificial Skull | 1 | 50 |
| Potion of Mana | 3 | 600 |
| Potion of Healing | 3 | 450 |
| Dust of Appearance | 3 | 225 |
| Scroll of Town Portal | 1 | 350 |
| Boots of Speed | 1 | 250 |
| Potion of Lesser Invulnerability | 1 | 150 |
| total: | 13 | 2075g |
| Acolyte | 14 | 1050 | / | 0 |
| Ghoul | 6 | 720 | / | 0 |
| Crypt Fiend | 12 | 2580 | / | 480 |
| Obsidian Statue | 3 | 600 | / | 105 |
| Necromancer | 6 | 870 | / | 120 |
| total: | 41 | 5820g | / | 705w |
| Nerubian Tower | 2 | 200 | / | 40 |
| Spirit Tower | 7 | 1015 | / | 280 |
| Crypt | 1 | 200 | / | 50 |
| Ziggurat | 17 | 2550 | / | 850 |
| Altar of Darkness | 1 | 180 | / | 50 |
| Graveyard | 2 | 430 | / | 0 |
| Tomb of Relics | 3 | 390 | / | 90 |
| Necropolis | 4 | 900 | / | 0 |
| Slaughterhouse | 2 | 280 | / | 270 |
| Temple of the Damned | 4 | 620 | / | 560 |
| Halls of the Dead | 5 | 1600 | / | 1050 |
| Black Citadel | 2 | 650 | / | 460 |
| total: | 34 | 5550g | / | 1870w |
| 0:01 | Acolyte |
| 0:01 | Acolyte |
| 0:10 | Crypt |
| 0:17 | Ziggurat |
| 0:35 | Altar of Darkness |
| 0:59 | Graveyard |
| 1:14 | Ghoul |
| 1:26 | Ghoul |
| 1:43 | Tomb of Relics |
| 1:45 | Tomb of Relics |
| 1:53 | Ghoul |
| 2:05 | Ziggurat |
| 2:17 | Ghoul |
| 2:37 | Carrion Beetles |
| 2:47 | Sacrificial Skull |
| 2:47 | Dust of Appearance |
| 3:14 | Acolyte |
| 3:15 | Crypt Fiend |
| 3:46 | Necropolis |
| 3:55 | Ziggurat |
| 3:57 | Impale |
| 4:12 | Crypt Fiend |
| 4:44 | Halls of the Dead |
| 5:16 | Crypt Fiend |
| 5:20 | Carrion Beetles |
| 5:40 | Acolyte |
| 5:40 | Acolyte |
| 5:40 | Acolyte |
| 5:40 | Acolyte |
| 5:41 | Acolyte |
| 5:45 | Ziggurat |
| 6:01 | Ziggurat |
| 6:48 | Crypt Fiend |
| 7:38 | Black Citadel |
| 7:41 | Slaughterhouse |
| 7:43 | Slaughterhouse |
| 7:47 | Graveyard |
| 8:03 | Creature Attack |
| 8:03 | Creature Carapace |
| 8:05 | Web |
| 8:11 | Ziggurat |
| 8:52 | Death Coil |
| 8:53 | Potion of Mana |
| 8:54 | Potion of Mana |
| 8:54 | Potion of Healing |
| 8:54 | Potion of Healing |
| 8:57 | Obsidian Statue |
| 9:19 | Nerubian Tower |
| 9:20 | Spirit Tower |
| 9:39 | Acolyte |
| 9:59 | Tomb of Relics |
| 10:05 | Destroyer Form |
| 10:07 | Improved Creature Attack |
| 10:45 | Impale |
| 10:45 | Impale |
| 10:58 | Temple of the Damned |
| 10:59 | Temple of the Damned |
| 11:02 | Ghoul |
| 11:02 | Ghoul |
| 11:42 | Advanced Creature Attack |
| 11:42 | Improved Creature Carapace |
| 11:45 | Advanced Creature Carapace |
| 12:00 | Disease Cloud |
| 12:40 | Unholy Aura |
| 12:48 | Obsidian Statue |
| 12:50 | Skeletal Mastery |
| 12:50 | Necromancer Adept Training |
| 12:53 | Crypt Fiend |
| 12:53 | Crypt Fiend |
| 13:27 | Temple of the Damned |
| 13:28 | Temple of the Damned |
| 14:18 | Necromancer Master Training |
| 15:04 | Spirit Tower |
| 15:05 | Ziggurat |
| 15:06 | Ziggurat |
| 15:10 | Ziggurat |
| 15:40 | Necromancer |
| 15:40 | Necromancer |
| 15:41 | Necromancer |
| 16:06 | Carrion Swarm |
| 16:57 | Spirit Tower |
| 16:58 | Ziggurat |
| 17:00 | Ziggurat |
| 17:01 | Ziggurat |
| 17:02 | Ziggurat |
| 17:03 | Ziggurat |
| 17:41 | Necromancer |
| 17:41 | Necromancer |
| 18:34 | Acolyte |
| 18:34 | Acolyte |
| 18:34 | Acolyte |
| 18:34 | Acolyte |
| 18:34 | Acolyte |
| 19:28 | Necropolis |
| 20:01 | Scroll of Town Portal |
| 20:02 | Boots of Speed |
| 20:40 | Spirit Tower |
| 21:19 | Ziggurat |
| 21:21 | Ziggurat |
| 21:22 | Ziggurat |
| 23:32 | Potion of Lesser Invulnerability |
| 24:25 | Necropolis |
| 24:35 | Halls of the Dead |
| 24:37 | Spirit Tower |
| 26:05 | Obsidian Statue |
| 26:07 | Crypt Fiend |
| 26:07 | Crypt Fiend |
| 27:12 | Crypt Fiend |
| 27:17 | Black Citadel |
| 29:14 | Necropolis |
| 33:17 | Carrion Beetles |
| 33:19 | Sleep |
| 36:31 | Potion of Healing |
| 36:32 | Potion of Mana |
| 37:24 | Necromancer |
| 37:28 | Crypt Fiend |
| 37:28 | Crypt Fiend |
| 38:19 | Crypt Fiend |
| 40:57 | Dust of Appearance |
| 40:57 | Dust of Appearance |
| Right click | 2484 |
| Select group | 1799 |
| Select | 1026 |
| Misc. action | 583 |
| Use ability | 176 |
| Build/train/purchase | 175 |
| Resource trade | 77 |
| Assign group | 47 |
| Item give/drop | 5 |
| Esc | 2 |
| Minimap ping | 2 |


| Potion of Mana | 2 | 400 |
| Ivory Tower | 4 | 160 |
| Scroll of Regeneration | 1 | 100 |
| Scroll of Town Portal | 1 | 350 |
| Scroll of Healing | 3 | 750 |
| Boots of Speed | 1 | 250 |
| Potion of Lesser Invulnerability | 1 | 150 |
| total: | 13 | 2160g |
| Peasant | 22 | 1650 | / | 0 |
| Rifleman | 10 | 2050 | / | 300 |
| Priest | 4 | 540 | / | 40 |
| Mortar Team | 6 | 1080 | / | 420 |
| Siege Engine | 2 | 390 | / | 120 |
| Dragonhawk Rider | 13 | 2600 | / | 390 |
| Flying Machine | 3 | 300 | / | 90 |
| Gryphon Rider | 1 | 280 | / | 70 |
| Gnoll Brute | 1 | 215 | / | 20 |
| total: | 62 | 9105g | / | 1450w |
| Scout Tower | 39 | 1170 | / | 780 |
| Arcane Tower | 4 | 280 | / | 200 |
| Guard Tower | 9 | 630 | / | 450 |
| Altar of Kings | 2 | 360 | / | 100 |
| Farm | 11 | 880 | / | 220 |
| Blacksmith | 1 | 140 | / | 60 |
| Barracks | 2 | 320 | / | 120 |
| Lumber Mill | 3 | 360 | / | 0 |
| Town Hall | 6 | 2310 | / | 1230 |
| Arcane Vault | 5 | 650 | / | 150 |
| Cannon Tower | 3 | 360 | / | 300 |
| Arcane Sanctum | 2 | 300 | / | 280 |
| Workshop | 12 | 1680 | / | 1680 |
| Gryphon Aviary | 3 | 420 | / | 450 |
| Keep | 2 | 640 | / | 420 |
| Castle | 2 | 720 | / | 420 |
| total: | 86 | 8590g | / | 5070w |
| 0:02 | Peasant |
| 0:02 | Peasant |
| 0:02 | Peasant |
| 0:23 | Peasant |
| 0:40 | Altar of Kings |
| 0:44 | Peasant |
| 0:48 | Farm |
| 0:52 | Peasant |
| 1:04 | Blacksmith |
| 1:08 | Barracks |
| 1:19 | Farm |
| 1:29 | Peasant |
| 1:30 | Peasant |
| 1:42 | Farm |
| 1:45 | Farm |
| 2:15 | Rifleman |
| 2:16 | Rifleman |
| 2:26 | Farm |
| 2:30 | Scout Tower |
| 2:38 | Peasant |
| 2:45 | Summon Water Elemental |
| 2:54 | Rifleman |
| 2:55 | Rifleman |
| 2:55 | Rifleman |
| 3:02 | Arcane Tower |
| 3:13 | Peasant |
| 3:35 | Lumber Mill |
| 3:37 | Peasant |
| 3:37 | Peasant |
| 4:01 | Brilliance Aura |
| 4:18 | Town Hall |
| 4:20 | Scout Tower |
| 4:28 | Arcane Vault |
| 4:51 | Rifleman |
| 5:01 | Arcane Tower |
| 5:42 | Keep |
| 5:48 | Farm |
| 5:48 | Farm |
| 5:49 | Farm |
| 5:49 | Farm |
| 5:55 | Studded Leather Armor |
| 5:55 | Reinforced Leather Armor |
| 6:06 | Black Gunpowder |
| 6:07 | Improved Lumber Harvesting |
| 6:27 | Summon Water Elemental |
| 6:37 | Rifleman |
| 6:37 | Rifleman |
| 7:11 | Barracks |
| 7:42 | Peasant |
| 8:39 | Arcane Sanctum |
| 8:40 | Arcane Sanctum |
| 8:46 | Rifleman |
| 8:46 | Long Rifles |
| 9:17 | Brilliance Aura |
| 9:32 | Storm Bolt |
| 9:38 | Workshop |
| 9:39 | Workshop |
| 9:39 | Workshop |
| 10:06 | Thunder Clap |
| 10:13 | Priest |
| 10:13 | Priest Adept Training |
| 10:36 | Scroll of Town Portal |
| 10:36 | Boots of Speed |
| 10:37 | Potion of Lesser Invulnerability |
| 10:37 | Scroll of Healing |
| 10:37 | Scroll of Healing |
| 10:41 | Scroll of Healing |
| 10:59 | Mortar Team |
| 11:22 | Storm Bolt |
| 12:02 | Mortar Team |
| 13:30 | Castle |
| 13:32 | Farm |
| 13:33 | Farm |
| 14:07 | Gnoll Brute |
| 15:00 | Mortar Team |
| 15:00 | Mortar Team |
| 15:19 | Priest |
| 15:19 | Priest |
| 15:20 | Priest |
| 16:31 | Barrage |
| 16:32 | Siege Engine |
| 16:48 | Town Hall |
| 17:37 | Town Hall |
| 19:00 | Peasant |
| 19:00 | Peasant |
| 19:03 | Scout Tower |
| 19:03 | Scout Tower |
| 19:04 | Scout Tower |
| 19:05 | Scout Tower |
| 19:07 | Scout Tower |
| 19:07 | Scout Tower |
| 19:08 | Scout Tower |
| 19:08 | Scout Tower |
| 19:09 | Scout Tower |
| 19:10 | Scout Tower |
| 19:23 | Scout Tower |
| 19:24 | Scout Tower |
| 19:24 | Scout Tower |
| 19:25 | Scout Tower |
| 19:26 | Scout Tower |
| 19:26 | Scout Tower |
| 19:40 | Lumber Mill |
| 20:11 | Guard Tower |
| 20:25 | Town Hall |
| 20:39 | Guard Tower |
| 21:02 | Guard Tower |
| 21:12 | Guard Tower |
| 21:23 | Guard Tower |
| 21:27 | Improved Masonry |
| 21:27 | Advanced Masonry |
| 21:59 | Keep |
| 22:01 | Guard Tower |
| 22:07 | Peasant |
| 22:07 | Peasant |
| 23:10 | Town Hall |
| 23:35 | Rifleman |
| 24:22 | Gryphon Aviary |
| 24:23 | Gryphon Aviary |
| 24:26 | Gryphon Aviary |
| 24:33 | Peasant |
| 24:33 | Peasant |
| 24:39 | Lumber Mill |
| 25:05 | Altar of Kings |
| 25:17 | Peasant |
| 25:35 | Castle |
| 25:59 | Arcane Vault |
| 26:34 | Workshop |
| 26:34 | Workshop |
| 26:39 | Workshop |
| 26:40 | Workshop |
| 26:43 | Dragonhawk Rider |
| 27:41 | Flak Cannons |
| 27:54 | Workshop |
| 28:18 | Cloud |
| 28:28 | Flying Machine |
| 28:28 | Flying Machine |
| 28:28 | Flying Machine |
| 29:22 | Siege Engine |
| 29:36 | Dragonhawk Rider |
| 30:06 | Dragonhawk Rider |
| 30:06 | Dragonhawk Rider |
| 30:07 | Dragonhawk Rider |
| 31:22 | Dragonhawk Rider |
| 31:23 | Dragonhawk Rider |
| 31:23 | Dragonhawk Rider |
| 31:23 | Dragonhawk Rider |
| 33:14 | Gryphon Rider |
| 33:15 | Dragonhawk Rider |
| 33:16 | Dragonhawk Rider |
| 33:16 | Dragonhawk Rider |
| 33:16 | Dragonhawk Rider |
| 34:37 | Thunder Clap |
| 34:45 | Arcane Vault |
| 35:18 | Town Hall |
| 36:05 | Scout Tower |
| 36:06 | Scout Tower |
| 36:19 | Scout Tower |
| 36:20 | Scout Tower |
| 36:20 | Scout Tower |
| 36:21 | Scout Tower |
| 36:30 | Fragmentation Shards |
| 36:30 | Mortar Team |
| 36:38 | Guard Tower |
| 36:52 | Workshop |
| 36:53 | Workshop |
| 36:54 | Workshop |
| 36:55 | Workshop |
| 37:01 | Peasant |
| 37:01 | Peasant |
| 37:20 | Guard Tower |
| 37:25 | Scout Tower |
| 37:26 | Scout Tower |
| 37:26 | Scout Tower |
| 37:37 | Scout Tower |
| 37:38 | Scout Tower |
| 37:38 | Scout Tower |
| 37:39 | Scout Tower |
| 37:39 | Scout Tower |
| 38:08 | Guard Tower |
| 38:20 | Mortar Team |
| 38:32 | Cannon Tower |
| 38:59 | Scout Tower |
| 38:59 | Scout Tower |
| 39:00 | Scout Tower |
| 39:16 | Summon Water Elemental |
| 39:31 | Potion of Mana |
| 39:31 | Potion of Mana |
| 40:01 | Cannon Tower |
| 40:36 | Scout Tower |
| 40:37 | Scout Tower |
| 41:08 | Ivory Tower |
| 41:08 | Ivory Tower |
| 41:15 | Ivory Tower |
| 41:16 | Ivory Tower |
| 41:32 | Cannon Tower |
| 41:35 | Scout Tower |
| 41:35 | Scout Tower |
| 41:44 | Arcane Vault |
| 41:44 | Arcane Vault |
| 42:57 | Scroll of Regeneration |
| Right click | 1460 |
| Select group | 1358 |
| Select | 792 |
| Build/train/purchase | 224 |
| Assign group | 84 |
| Misc. action | 79 |
| Use ability | 64 |
| Resource trade | 28 |
| Item give/drop | 7 |


| Staff of Preservation | 1 | 150 |
| Lesser Clarity Potion | 5 | 350 |
| Potion of Mana | 1 | 200 |
| Scroll of Town Portal | 1 | 350 |
| Mechanical Critter | 1 | 50 |
| Staff of Sanctuary | 1 | 250 |
| Scroll of Regeneration | 1 | 100 |
| total: | 11 | 1450g |
| Wisp | 118 | 7080 | / | 0 |
| Archer | 15 | 1950 | / | 150 |
| Glaive Thrower | 12 | 2520 | / | 780 |
| Dryad | 4 | 580 | / | 240 |
| Faerie Dragon | 1 | 155 | / | 25 |
| Mountain Giant | 1 | 350 | / | 100 |
| Hippogryph | 20 | 3200 | / | 400 |
| Chimaera | 3 | 990 | / | 210 |
| total: | 174 | 16825g | / | 1905w |
| Ancient Protector | 24 | 3240 | / | 1920 |
| Altar of Elders | 1 | 180 | / | 50 |
| Moon Well | 8 | 1440 | / | 320 |
| Ancient of War | 9 | 1350 | / | 540 |
| Tree of Life | 18 | 6120 | / | 3330 |
| Ancient of Wonders | 2 | 180 | / | 60 |
| Hunter's Hall | 1 | 210 | / | 100 |
| Ancient of Lore | 2 | 310 | / | 290 |
| Ancient of Wind | 4 | 600 | / | 560 |
| Chimaera Roost | 2 | 280 | / | 380 |
| Tree of Ages | 6 | 1920 | / | 1080 |
| Tree of Eternity | 2 | 660 | / | 400 |
| total: | 71 | 13910g | / | 7550w |
| 0:03 | Wisp |
| 0:03 | Wisp |
| 0:03 | Wisp |
| 0:22 | Altar of Elders |
| 0:24 | Moon Well |
| 0:30 | Wisp |
| 0:30 | Wisp |
| 0:47 | Ancient of War |
| 0:48 | Ancient of War |
| 0:52 | Wisp |
| 0:53 | Wisp |
| 1:12 | Wisp |
| 1:38 | Moon Well |
| 1:42 | Wisp |
| 1:51 | Archer |
| 1:51 | Archer |
| 2:21 | Force of Nature |
| 2:34 | Wisp |
| 2:37 | Moon Well |
| 2:42 | Archer |
| 3:22 | Tree of Ages |
| 3:46 | Entangling Roots |
| 3:52 | Tree of Life |
| 3:57 | Ancient of Wonders |
| 4:17 | Moon Well |
| 4:18 | Archer |
| 4:19 | Archer |
| 4:46 | Archer |
| 5:06 | Hunter's Hall |
| 5:10 | Moon Well |
| 5:13 | Force of Nature |
| 5:26 | Archer |
| 5:44 | Improved Bows |
| 5:45 | Wisp |
| 5:45 | Wisp |
| 5:45 | Wisp |
| 6:13 | Wisp |
| 6:13 | Wisp |
| 6:13 | Wisp |
| 6:13 | Wisp |
| 6:27 | Archer |
| 6:46 | Archer |
| 6:47 | Wisp |
| 6:49 | Wisp |
| 6:49 | Wisp |
| 6:49 | Wisp |
| 6:59 | Wisp |
| 7:02 | Trueshot Aura |
| 7:10 | Staff of Preservation |
| 7:17 | Wisp |
| 7:18 | Wisp |
| 7:25 | Ancient of Lore |
| 7:27 | Ancient of Lore |
| 7:49 | Ultravision |
| 7:50 | Archer |
| 7:52 | Wisp |
| 7:55 | Ancient of Wind |
| 8:07 | Glaive Thrower |
| 8:28 | Ancient of War |
| 8:30 | Wisp |
| 8:50 | Dryad |
| 8:50 | Abolish Magic |
| 8:51 | Archer |
| 9:29 | Tree of Eternity |
| 9:37 | Tree of Life |
| 9:40 | Wisp |
| 9:40 | Wisp |
| 9:41 | Glaive Thrower |
| 9:45 | Entangling Roots |
| 10:03 | Tree of Life |
| 10:11 | Wisp |
| 10:11 | Wisp |
| 10:11 | Wisp |
| 10:39 | Glaive Thrower |
| 10:40 | Vorpal Blades |
| 10:46 | Faerie Dragon |
| 11:09 | Glaive Thrower |
| 11:24 | Dryad |
| 11:54 | Glaive Thrower |
| 12:10 | Dryad |
| 12:18 | Wisp |
| 12:18 | Wisp |
| 12:18 | Wisp |
| 12:19 | Wisp |
| 12:19 | Wisp |
| 12:19 | Wisp |
| 12:34 | Wisp |
| 12:34 | Wisp |
| 12:35 | Wisp |
| 12:35 | Wisp |
| 12:35 | Wisp |
| 12:37 | Searing Arrows |
| 13:24 | Chimaera Roost |
| 13:26 | Chimaera Roost |
| 14:20 | Glaive Thrower |
| 14:21 | Ancient of War |
| 14:22 | Ancient of War |
| 14:23 | Mountain Giant |
| 14:25 | Wisp |
| 14:25 | Wisp |
| 14:25 | Wisp |
| 14:25 | Wisp |
| 14:27 | Wisp |
| 14:27 | Wisp |
| 14:27 | Wisp |
| 14:27 | Wisp |
| 14:29 | Wisp |
| 14:29 | Wisp |
| 15:04 | Dryad |
| 15:05 | Hippogryph |
| 15:06 | Archer |
| 15:06 | Archer |
| 15:07 | Archer |
| 15:16 | Chimaera |
| 15:26 | Wisp |
| 15:26 | Wisp |
| 15:26 | Wisp |
| 15:33 | Wisp |
| 15:33 | Wisp |
| 15:50 | Moon Well |
| 15:51 | Moon Well |
| 16:06 | Wisp |
| 16:07 | Moon Well |
| 16:12 | Ancient Protector |
| 16:14 | Tree of Life |
| 16:59 | Tree of Life |
| 17:01 | Ancient Protector |
| 17:03 | Ancient Protector |
| 17:04 | Ancient Protector |
| 17:06 | Ancient Protector |
| 17:09 | Ancient Protector |
| 17:39 | Ancient Protector |
| 17:41 | Ancient Protector |
| 17:44 | Ancient Protector |
| 17:45 | Ancient Protector |
| 17:46 | Ancient Protector |
| 17:57 | Ancient Protector |
| 18:01 | Wisp |
| 18:01 | Wisp |
| 18:01 | Wisp |
| 18:19 | Wisp |
| 18:19 | Wisp |
| 18:23 | Ancient Protector |
| 18:49 | Tree of Ages |
| 19:01 | Wisp |
| 19:01 | Wisp |
| 19:23 | Ancient Protector |
| 19:25 | Ancient Protector |
| 19:28 | Ancient Protector |
| 19:31 | Ancient Protector |
| 20:08 | Ancient of War |
| 20:09 | Wisp |
| 20:39 | Tree of Life |
| 20:47 | Ancient Protector |
| 21:06 | Ancient Protector |
| 21:11 | Wisp |
| 21:11 | Wisp |
| 21:11 | Wisp |
| 21:11 | Wisp |
| 22:08 | Tree of Life |
| 23:19 | Ancient of Wind |
| 23:20 | Ancient of Wind |
| 23:22 | Ancient of Wind |
| 23:29 | Scroll of Town Portal |
| 23:34 | Ancient Protector |
| 23:36 | Wisp |
| 23:36 | Wisp |
| 23:36 | Wisp |
| 23:36 | Wisp |
| 23:55 | Wisp |
| 23:55 | Wisp |
| 23:55 | Wisp |
| 24:21 | Tree of Life |
| 24:26 | Hippogryph |
| 24:27 | Hippogryph |
| 24:27 | Hippogryph |
| 24:29 | Wisp |
| 24:29 | Wisp |
| 24:29 | Wisp |
| 24:32 | Moon Armor |
| 24:42 | Tree of Life |
| 25:05 | Hippogryph |
| 25:07 | Hippogryph |
| 25:08 | Hippogryph |
| 25:10 | Hippogryph |
| 25:11 | Wisp |
| 25:11 | Wisp |
| 25:12 | Wisp |
| 25:12 | Wisp |
| 25:50 | Tree of Life |
| 25:54 | Wisp |
| 25:54 | Wisp |
| 25:54 | Wisp |
| 25:54 | Wisp |
| 26:04 | Strength of the Moon |
| 26:12 | Trueshot Aura |
| 26:24 | Wisp |
| 26:24 | Wisp |
| 26:24 | Wisp |
| 26:26 | Ancient Protector |
| 26:28 | Ancient Protector |
| 26:29 | Ancient Protector |
| 26:31 | Ancient Protector |
| 26:38 | Hippogryph |
| 26:38 | Hippogryph |
| 26:39 | Hippogryph |
| 26:40 | Ancient of War |
| 27:49 | Hippogryph |
| 28:22 | Hippogryph |
| 28:23 | Hippogryph |
| 28:55 | Tree of Life |
| 29:29 | Tree of Life |
| 29:32 | Hippogryph |
| 29:33 | Wisp |
| 29:34 | Wisp |
| 29:34 | Wisp |
| 29:34 | Wisp |
| 30:09 | Hippogryph |
| 30:13 | Ancient of War |
| 30:51 | Glaive Thrower |
| 31:16 | Tree of Life |
| 31:19 | Tree of Life |
| 31:37 | Glaive Thrower |
| 31:37 | Glaive Thrower |
| 32:39 | Ancient of Wonders |
| 32:43 | Glaive Thrower |
| 32:47 | Tree of Ages |
| 32:50 | Tree of Life |
| 33:28 | Force of Nature |
| 33:55 | Lesser Clarity Potion |
| 34:40 | Wisp |
| 34:40 | Wisp |
| 34:40 | Wisp |
| 34:40 | Wisp |
| 34:40 | Wisp |
| 34:42 | Wisp |
| 34:42 | Wisp |
| 34:42 | Wisp |
| 34:42 | Wisp |
| 34:42 | Wisp |
| 34:45 | Wisp |
| 34:45 | Wisp |
| 34:46 | Wisp |
| 34:46 | Wisp |
| 34:46 | Wisp |
| 34:53 | Glaive Thrower |
| 34:55 | Hippogryph |
| 35:01 | Ancient of War |
| 35:23 | Archer |
| 35:38 | Potion of Mana |
| 35:54 | Chimaera |
| 35:58 | Corrosive Breath |
| 36:15 | Hippogryph |
| 36:16 | Hippogryph |
| 36:16 | Hippogryph |
| 36:25 | Wisp |
| 36:26 | Wisp |
| 36:28 | Wisp |
| 36:28 | Wisp |
| 36:28 | Wisp |
| 36:29 | Wisp |
| 36:29 | Wisp |
| 37:30 | Mechanical Critter |
| 37:49 | Glaive Thrower |
| 38:26 | Staff of Sanctuary |
| 38:42 | Tree of Life |
| 39:12 | Lesser Clarity Potion |
| 39:24 | Tree of Life |
| 40:05 | Lesser Clarity Potion |
| 40:20 | Chimaera |
| 40:53 | Lesser Clarity Potion |
| 42:40 | Wisp |
| 43:05 | Scroll of Regeneration |
| 43:07 | Lesser Clarity Potion |
| 43:53 | Tree of Life |
| Select group | 2843 |
| Right click | 2765 |
| Select | 1251 |
| Misc. action | 431 |
| Build/train/purchase | 341 |
| Use ability | 175 |
| Assign group | 108 |
| Resource trade | 29 |
| Chat | 21 |
| Esc | 8 |
| Minimap ping | 7 |
| Item give/drop | 5 |
91 units @ 9k
/ 1.3k
118 buildings @ 9.4k
/ 4.3k
GIGA
(207)
(44:38) : 
| Healing Salve | 3 | 300 |
| Lesser Clarity Potion | 5 | 350 |
| Potion of Mana | 2 | 400 |
| Potion of Healing | 1 | 150 |
| Orb of Lightning | 1 | 375 |
| Tiny Great Hall | 1 | 600 |
| Boots of Speed | 1 | 250 |
| Staff of Teleportation | 1 | 150 |
| Circlet of Nobility | 1 | 175 |
| total: | 16 | 2750g |
| Peon | 18 | 1350 | / | 0 |
| Grunt | 1 | 200 | / | 0 |
| Troll Witch Doctor | 6 | 870 | / | 150 |
| Kodo Beast | 1 | 255 | / | 60 |
| total: | 26 | 2675g | / | 210w |
| Watch Tower | 4 | 440 | / | 320 |
| Altar of Storms | 2 | 360 | / | 100 |
| Orc Burrow | 5 | 800 | / | 200 |
| Voodoo Lounge | 2 | 260 | / | 60 |
| War Mill | 2 | 410 | / | 0 |
| Barracks | 1 | 180 | / | 50 |
| Great Hall | 1 | 385 | / | 185 |
| Spirit Lodge | 1 | 150 | / | 150 |
| Beastiary | 1 | 145 | / | 140 |
| Stronghold | 2 | 630 | / | 380 |
| Fortress | 1 | 325 | / | 190 |
| total: | 19 | 3130g | / | 1205w |
| 0:02 | Peon |
| 0:02 | Peon |
| 0:07 | Altar of Storms |
| 0:10 | Orc Burrow |
| 0:42 | Peon |
| 0:42 | Peon |
| 0:42 | Peon |
| 0:43 | Peon |
| 1:06 | Voodoo Lounge |
| 1:20 | War Mill |
| 1:22 | Peon |
| 1:39 | Orc Burrow |
| 1:54 | Peon |
| 2:10 | Healing Salve |
| 2:11 | Lesser Clarity Potion |
| 2:18 | Barracks |
| 2:24 | Critical Strike |
| 2:27 | Peon |
| 2:34 | Peon |
| 2:49 | Watch Tower |
| 2:56 | Watch Tower |
| 3:50 | Peon |
| 3:50 | Peon |
| 3:50 | Peon |
| 3:56 | Watch Tower |
| 4:19 | Grunt |
| 4:30 | Voodoo Lounge |
| 4:35 | Wind Walk |
| 5:04 | Stronghold |
| 5:10 | Great Hall |
| 5:33 | Watch Tower |
| 5:35 | Healing Salve |
| 6:55 | Orc Burrow |
| 8:13 | Boots of Speed |
| 8:15 | Staff of Teleportation |
| 9:33 | Stronghold |
| 12:14 | Wind Walk |
| 14:02 | Altar of Storms |
| 14:05 | Spirit Lodge |
| 14:09 | Orc Burrow |
| 15:27 | Fortress |
| 15:32 | Witch Doctor Adept Training |
| 15:32 | Troll Witch Doctor |
| 15:32 | Troll Witch Doctor |
| 16:30 | Lesser Clarity Potion |
| 16:32 | Healing Salve |
| 16:39 | Critical Strike |
| 16:41 | Potion of Mana |
| 16:45 | Potion of Healing |
| 17:30 | Troll Witch Doctor |
| 17:38 | Lesser Clarity Potion |
| 17:50 | Witch Doctor Master Training |
| 18:11 | Orb of Lightning |
| 19:24 | Beastiary |
| 19:27 | Orc Burrow |
| 21:42 | Critical Strike |
| 22:15 | Tiny Great Hall |
| 23:29 | Troll Witch Doctor |
| 23:33 | War Mill |
| 24:08 | Potion of Mana |
| 24:12 | Lesser Clarity Potion |
| 24:21 | Peon |
| 24:22 | Peon |
| 24:22 | Peon |
| 24:22 | Peon |
| 24:22 | Peon |
| 24:32 | Blizzard |
| 26:10 | Bladestorm |
| 26:19 | Circlet of Nobility |
| 29:07 | War Drums Damage Increase |
| 29:08 | Kodo Beast |
| 30:00 | Mirror Image |
| 31:42 | Troll Witch Doctor |
| 31:42 | Troll Witch Doctor |
| 34:24 | Wind Walk |
| 36:06 | Storm Bolt |
| 37:45 | Brilliance Aura |
| 38:15 | Lesser Clarity Potion |
| 41:08 | Mirror Image |
| Right click | 3632 |
| Select | 334 |
| Build/train/purchase | 188 |
| Resource trade | 54 |
| Use ability | 42 |
| Minimap ping | 24 |
| Select group | 20 |
| Assign group | 6 |
| Item give/drop | 6 |
| Esc | 1 |



| Peasant | 16 | 1200 | / | 0 |
| Mortar Team | 4 | 720 | / | 280 |
| Flying Machine | 23 | 2300 | / | 690 |
| total: | 43 | 4220g | / | 970w |
| Scout Tower | 14 | 420 | / | 280 |
| Arcane Tower | 1 | 70 | / | 50 |
| Guard Tower | 8 | 560 | / | 400 |
| Altar of Kings | 1 | 180 | / | 50 |
| Farm | 11 | 880 | / | 220 |
| Lumber Mill | 1 | 120 | / | 0 |
| Blacksmith | 1 | 140 | / | 60 |
| Arcane Vault | 1 | 130 | / | 30 |
| Workshop | 3 | 420 | / | 420 |
| Gryphon Aviary | 1 | 140 | / | 150 |
| Keep | 1 | 320 | / | 210 |
| Castle | 1 | 360 | / | 210 |
| total: | 33 | 2430g | / | 1210w |
| 0:01 | Peasant |
| 0:05 | Altar of Kings |
| 0:08 | Peasant |
| 0:17 | Farm |
| 0:18 | Peasant |
| 0:33 | Lumber Mill |
| 0:33 | Peasant |
| 0:40 | Peasant |
| 0:56 | Peasant |
| 1:05 | Peasant |
| 1:07 | Farm |
| 1:10 | Peasant |
| 1:34 | Scout Tower |
| 1:37 | Scout Tower |
| 1:38 | Peasant |
| 1:44 | Improved Lumber Harvesting |
| 1:47 | Peasant |
| 1:53 | Peasant |
| 2:02 | Arcane Tower |
| 2:04 | Peasant |
| 2:09 | Storm Bolt |
| 2:20 | Peasant |
| 2:43 | Scout Tower |
| 2:43 | Scout Tower |
| 3:09 | Scout Tower |
| 3:09 | Scout Tower |
| 3:10 | Guard Tower |
| 3:21 | Peasant |
| 3:40 | Peasant |
| 3:43 | Guard Tower |
| 3:44 | Scout Tower |
| 3:46 | Scout Tower |
| 3:52 | Peasant |
| 3:55 | Farm |
| 4:02 | Keep |
| 4:21 | Guard Tower |
| 4:32 | Guard Tower |
| 4:42 | Blacksmith |
| 4:56 | Farm |
| 5:28 | Scout Tower |
| 5:28 | Scout Tower |
| 5:32 | Bash |
| 5:33 | Bash |
| 6:41 | Castle |
| 6:43 | Workshop |
| 6:44 | Workshop |
| 6:47 | Workshop |
| 7:04 | Guard Tower |
| 7:05 | Scout Tower |
| 7:05 | Scout Tower |
| 7:06 | Scout Tower |
| 7:18 | Black Gunpowder |
| 7:26 | Advanced Lumber Harvesting |
| 7:31 | Improved Masonry |
| 7:34 | Guard Tower |
| 7:52 | Holy Light |
| 7:57 | Flak Cannons |
| 7:58 | Flare |
| 7:58 | Mortar Team |
| 8:03 | Farm |
| 8:04 | Farm |
| 8:27 | Farm |
| 8:31 | Guard Tower |
| 8:32 | Scout Tower |
| 8:52 | Refined Gunpowder |
| 9:25 | Flying Machine Bombs |
| 9:25 | Fragmentation Shards |
| 9:43 | Flying Machine |
| 10:14 | Holy Light |
| 10:18 | Flying Machine |
| 10:19 | Flying Machine |
| 10:21 | Imbued Gunpowder |
| 10:30 | Flying Machine |
| 10:54 | Flying Machine |
| 11:28 | Flying Machine |
| 11:28 | Flying Machine |
| 11:28 | Flying Machine |
| 11:28 | Flying Machine |
| 11:29 | Flying Machine |
| 11:38 | Iron Plating |
| 11:40 | Flying Machine |
| 11:40 | Flying Machine |
| 11:41 | Farm |
| 11:42 | Farm |
| 11:43 | Farm |
| 11:44 | Farm |
| 11:51 | Gryphon Aviary |
| 11:55 | Arcane Vault |
| 12:26 | Flying Machine |
| 14:17 | Mortar Team |
| 15:05 | Flying Machine |
| 17:59 | Guard Tower |
| 18:45 | Storm Bolt |
| 18:46 | Storm Bolt |
| 18:53 | Brilliance Aura |
| 20:24 | Divine Shield |
| 21:05 | Divine Shield |
| 25:54 | Holy Light |
| 25:55 | Holy Light |
| 27:27 | Steel Plating |
| 28:48 | Bash |
| 28:50 | Bash |
| 30:11 | Flying Machine |
| 30:11 | Flying Machine |
| 30:12 | Flying Machine |
| 30:12 | Flying Machine |
| 30:12 | Flying Machine |
| 30:12 | Flying Machine |
| 30:12 | Flying Machine |
| 31:50 | Flying Machine |
| 31:50 | Flying Machine |
| 34:14 | Mortar Team |
| 35:52 | Divine Shield |
| 36:26 | Mortar Team |
| 36:31 | Storm Bolt |
| 36:32 | Divine Shield |
| 37:58 | Holy Light |
| 38:31 | Holy Light |
| 42:07 | Advanced Masonry |
| 43:07 | Avatar |
| Right click | 3143 |
| Select group | 1135 |
| Select | 430 |
| Use ability | 169 |
| Build/train/purchase | 129 |
| Misc. action | 98 |
| Assign group | 14 |
| Resource trade | 13 |
| Remove unit | 4 |
| Minimap ping | 3 |
Cabeelibob
(194)
(44:16) : 
| Peasant | 18 | 1350 | / | 0 |
| Dragonhawk Rider | 4 | 800 | / | 120 |
| total: | 22 | 2150g | / | 120w |
| Scout Tower | 47 | 1410 | / | 940 |
| Arcane Tower | 5 | 350 | / | 250 |
| Guard Tower | 15 | 1050 | / | 750 |
| Altar of Kings | 2 | 360 | / | 100 |
| Farm | 8 | 640 | / | 160 |
| Lumber Mill | 3 | 360 | / | 0 |
| Town Hall | 1 | 385 | / | 205 |
| Arcane Vault | 1 | 130 | / | 30 |
| Blacksmith | 1 | 140 | / | 60 |
| Cannon Tower | 3 | 360 | / | 300 |
| Gryphon Aviary | 1 | 140 | / | 150 |
| Arcane Sanctum | 1 | 150 | / | 140 |
| Workshop | 1 | 140 | / | 140 |
| Keep | 1 | 320 | / | 210 |
| Castle | 1 | 360 | / | 210 |
| total: | 66 | 3855g | / | 1925w |
| 0:04 | Altar of Kings |
| 0:05 | Peasant |
| 0:15 | Peasant |
| 0:23 | Farm |
| 0:30 | Peasant |
| 0:41 | Peasant |
| 1:04 | Scout Tower |
| 1:11 | Lumber Mill |
| 1:14 | Peasant |
| 1:14 | Peasant |
| 1:19 | Peasant |
| 1:33 | Farm |
| 1:49 | Peasant |
| 1:56 | Arcane Tower |
| 1:59 | Peasant |
| 2:13 | Scout Tower |
| 2:17 | Farm |
| 2:19 | Improved Lumber Harvesting |
| 2:21 | Improved Masonry |
| 2:39 | Storm Bolt |
| 2:44 | Guard Tower |
| 2:46 | Peasant |
| 2:46 | Peasant |
| 3:11 | Scout Tower |
| 3:12 | Scout Tower |
| 3:13 | Scout Tower |
| 3:13 | Scout Tower |
| 3:31 | Peasant |
| 3:31 | Peasant |
| 3:40 | Town Hall |
| 3:49 | Guard Tower |
| 4:53 | Peasant |
| 4:53 | Peasant |
| 4:59 | Peasant |
| 5:03 | Peasant |
| 5:03 | Peasant |
| 5:38 | Scout Tower |
| 5:40 | Scout Tower |
| 5:43 | Scout Tower |
| 5:43 | Scout Tower |
| 5:44 | Scout Tower |
| 5:48 | Keep |
| 5:57 | Scout Tower |
| 5:58 | Scout Tower |
| 6:10 | Scout Tower |
| 6:11 | Scout Tower |
| 6:21 | Guard Tower |
| 6:47 | Altar of Kings |
| 6:50 | Scout Tower |
| 6:50 | Scout Tower |
| 6:52 | Guard Tower |
| 6:53 | Guard Tower |
| 7:20 | Guard Tower |
| 7:24 | Scout Tower |
| 7:39 | Scout Tower |
| 7:39 | Scout Tower |
| 7:53 | Guard Tower |
| 7:58 | Scout Tower |
| 7:59 | Scout Tower |
| 8:26 | Guard Tower |
| 8:43 | Scout Tower |
| 8:47 | Scout Tower |
| 8:50 | Guard Tower |
| 8:54 | Lumber Mill |
| 9:05 | Advanced Masonry |
| 9:14 | Guard Tower |
| 9:15 | Guard Tower |
| 9:17 | Scout Tower |
| 9:18 | Scout Tower |
| 9:18 | Scout Tower |
| 9:34 | Castle |
| 9:48 | Scout Tower |
| 9:48 | Scout Tower |
| 9:50 | Arcane Tower |
| 9:52 | Arcane Tower |
| 9:53 | Guard Tower |
| 10:13 | Gryphon Aviary |
| 10:16 | Arcane Sanctum |
| 10:22 | Arcane Vault |
| 10:27 | Arcane Tower |
| 10:43 | Arcane Tower |
| 11:32 | Farm |
| 11:49 | Farm |
| 11:52 | Farm |
| 11:56 | Farm |
| 12:01 | Cloud |
| 12:04 | Magic Sentry |
| 12:18 | Imbued Masonry |
| 12:31 | Farm |
| 12:35 | Sorceress Adept Training |
| 13:19 | Dragonhawk Rider |
| 13:19 | Dragonhawk Rider |
| 17:09 | Scout Tower |
| 17:09 | Scout Tower |
| 17:10 | Scout Tower |
| 17:11 | Scout Tower |
| 17:11 | Scout Tower |
| 17:43 | Guard Tower |
| 17:49 | Scout Tower |
| 17:50 | Scout Tower |
| 17:51 | Scout Tower |
| 18:19 | Scout Tower |
| 18:19 | Scout Tower |
| 18:20 | Scout Tower |
| 18:24 | Scout Tower |
| 18:24 | Scout Tower |
| 20:45 | Guard Tower |
| 20:48 | Scout Tower |
| 20:48 | Scout Tower |
| 20:49 | Scout Tower |
| 20:49 | Scout Tower |
| 20:50 | Scout Tower |
| 20:54 | Blacksmith |
| 23:27 | Workshop |
| 24:36 | Fragmentation Shards |
| 24:39 | Cannon Tower |
| 24:40 | Cannon Tower |
| 24:42 | Cannon Tower |
| 24:43 | Guard Tower |
| 32:38 | Lumber Mill |
| 32:53 | Dragonhawk Rider |
| 32:53 | Dragonhawk Rider |
| Right click | 2027 |
| Select group | 1763 |
| Select | 417 |
| Build/train/purchase | 163 |
| Resource trade | 71 |
| Assign group | 18 |
| Use ability | 11 |
| Misc. action | 4 |
| Esc | 2 |
| Minimap ping | 2 |
⇛